 Dungeon Crawl Stone Soup version 0.30-b1-2-g02819fbbbe (webtiles) character file.

Game seed: 432037084675209966

576 Fartwhistle the Changer (level 7, -3/44 HPs)
             Began as an Octopode Transmuter on June 6, 2023.
             Was a Follower of Cheibriados.
             Slain by a water moccasin (9 damage)
             ... on level 5 of the Dungeon.
             The game lasted 00:09:02 (4362 turns).

Fartwhistle the Changer (Octopode Transmuter)       Turns: 4362, Time: 00:09:03

Health: -3/44      AC:  1    Str: 12    XL:     7   Next: 35%
Magic:  12/12      EV: 13    Int: 21    God:    Cheibriados [*.....]
Gold:   184        SH:  0    Dex: 15    Spells: 3/13 levels left

rFire   . .          .
                       - Unarmed
rCold   . . .        (no shield)
rNeg    . . .        (helmet restricted)
rPois   .            (no amulet)
rElec   .            (no ring)
rCorr   .            (no ring)
SInv    .            (no ring)
Will    .....        (no ring)
Stlth   ++           (no ring)
HPRegen 0.27/turn    (no ring)
MPRegen 0.13/turn    (no ring)
                     (no ring)

%: no passive effects
@: confused, ambrosia-drunk, very slow
A: almost no armour, amphibious, 8 rings, camouflage 1, gelatinous body 1,
(nimble swimmer 1), tentacles
a: Renounce Religion, Bend Time


You were on level 5 of the Dungeon.
You worshipped Cheibriados.
Cheibriados was aware of your devotion.
You visited 1 branch of the dungeon, and saw 5 of its levels.

You collected 249 gold pieces.
You spent 65 gold pieces at shops.

Inventory:

Magical Staves
 a - a staff of conjuration
Wands
 b - a wand of digging (6)
Scrolls
 d - 4 scrolls of teleportation
 f - a scroll of enchant weapon {unknown}
 h - 3 scrolls of enchant armour {unknown}
 l - a scroll of poison {unknown}
 o - a scroll of identify
Potions
 e - a potion of heal wounds
 g - a potion of magic
 i - a potion of flight
 j - 2 potions of curing
 k - a potion of haste {unknown}
 m - a potion of attraction {unknown}
 n - a potion of berserk rage {unknown}


   Skills:
 - Level 1.7 Fighting
 - Level 2.4 Dodging
 - Level 3.3 Unarmed Combat
 + Level 3.8 Spellcasting
 * Level 5.3 Transmutations
 + Level 1.0 Ice Magic
 - Level 2.0 Poison Magic
 + Level 2.5 Invocations


You had 3 spell levels left.
You knew the following spells:

 Your Spells              Type           Power      Damage    Failure   Level
a - Beastly Appendage     Tmut           52%        N/A       1%          1
b - Wereblood             Tmut           26%        N/A       1%          2
c - Spider Form           Tmut/Pois      19%        N/A       9%          3
d - Ice Form              Ice/Tmut       17%        N/A       32%         4

Your spell library contained the following spells:

 Spells                   Type           Power      Damage    Failure   Level
 Static Discharge         Conj/Air       8%         2-3/arc   19%         2
 Airstrike                Air            2%         2d(1-17)  77%         4
 Summon Lightning Spire   Summ/Air       4%         N/A       77%         4


Dungeon Overview and Level Annotations

Branches:
Dungeon (5/15)
 Temple: D:4-7

Altars:
Cheibriados
Dithmenos
Makhleb
Okawaru
Qazlal

Shops:
D:2 **(

Annotations:
D:4 Menkaure


Innate Abilities, Weirdness & Mutations

You cannot wear most types of armour.
You are amphibious.
You can wear up to eight rings at the same time.
Your skin changes colour to match your surroundings (Stealth+).
Your rubbery body absorbs attacks. (AC +1, EV +1)
((You are camouflaged when in or above water. (Stealth+)))
You have tentacles for arms and can constrict up to eight enemies at once.


Message History

You feel less confused.
You barely miss the water moccasin. The water moccasin misses you.
The water moccasin closely misses you.
You hit the water moccasin.
The water moccasin is poisoned.
The water moccasin is lightly wounded.
The water moccasin completely misses you.
The iguana misses you.
You barely miss the water moccasin.
The water moccasin is lightly wounded.
The water moccasin bites you. The iguana closely misses you.
You hit the water moccasin but do no damage.
The water moccasin is lightly wounded.
The water moccasin closely misses you. The water moccasin bites you.
The iguana bites you!
You hit the water moccasin.
The water moccasin is moderately wounded.
The water moccasin misses you.
You hit the iguana.
The iguana is poisoned.
The iguana is lightly wounded.
The iguana bites you!
* * * LOW HITPOINT WARNING * * *
The water moccasin barely misses you.
You feel much better. The water moccasin bites you!
The iguana closely misses you. The water moccasin misses you.
You hit the water moccasin.
The water moccasin is heavily wounded.
Your transformation has ended.
The iguana bites you!
* * * LOW HITPOINT WARNING * * *
The water moccasin barely misses you.
Okay, then.
You are confused.
You feel invigorated. The water moccasin closely misses you.
The iguana bites you!
* * * LOW HITPOINT WARNING * * *
Unknown command.
You miss the water moccasin.
The water moccasin is heavily wounded.
The water moccasin bites you!
You die...

.#....)..........######
.....#..>...####......########
#..#..#####..................#
...##..# #...........######..
##.###... ###.........# ##.# ##.
#...........# # .
.##...........#### #.
.........)..)....# . .
#.....S@)....)>.##
#.#.##.####.....l.....#...####.
..≈~♣.~~.~............†.........
#~~≈~≈~~.≈~..##.#####.<#.#.g....
#.##~.~.~.~#....# ##...##.....
.≈.~...~~≈.#..###### ##.........
...~.#~~......##... ...###g.:.
......~~..~...#..# #.... ...
.........~......# #.###. ...


You could see a water moccasin (very poisoned) and an iguana (very poisoned).

Vanquished Creatures
  A gnoll sergeant (D:5)
  A scorpion (D:4)
  5 hounds
  An iguana (D:4)
  Terence (D:3)
  9 gnolls
  5 adders
  An ufetubus (D:5)
  4 worms
  2 dart slugs
  6 orcs
  7 ball pythons
  9 endoplasms
  8 giant cockroaches
  13 goblins
  8 hobgoblins
  5 quokkas
  4 bats
  4 frilled lizards
  7 kobolds
  4 rats
105 creatures vanquished.

Notes
Turn   | Place    | Note
-------+----------+-------------------------------------------
     0 | D:1      | Fartwhistle the Octopode Transmuter began the quest for the
                  | Orb.
     0 | D:1      | Reached XP level 1. HP: 13/13 MP: 3/3
   158 | D:1      | Reached XP level 2. HP: 11/18 MP: 3/5
   237 | D:1      | Found a faded altar of an unknown god.
   303 | D:1      | Learned a level 2 spell: Wereblood
   424 | D:1      | Reached XP level 3. HP: 16/23 MP: 6/6
   979 | D:2      | Learned a level 3 spell: Spider Form
  1041 | D:2      | Reached XP level 4. HP: 21/28 MP: 7/7
  1186 | D:2      | Found Umyptotu's General Store.
  1457 | D:2      | Reached skill level 3 in Transmutations
  1457 | D:2      | Reached skill level 1 in Poison Magic
  1756 | D:2      | Reached XP level 5. HP: 33/33 MP: 7/9
  1769 | D:2      | Found Bauschey's General Store.
  1769 | D:2      | Found Vigufomn's Weapon Shoppe.
  1793 | D:2      | Bought a scroll of identify for 26 gold pieces
  1793 | D:2      | Bought a scroll of teleportation for 39 gold pieces
  2200 | D:3      | Found a snail-covered altar of Cheibriados.
  2215 | D:3      | Became a worshipper of Cheibriados the Contemplative
  2537 | D:3      | Noticed Terence
  2548 | D:3      | Killed Terence
  2549 | D:3      | Reached skill level 4 in Transmutations
  2926 | D:4      | Reached XP level 6. HP: 37/39 MP: 10/10
  3023 | D:4      | Found a stormy altar of Qazlal.
  3023 | D:4      | Found a burning altar of Makhleb.
  3082 | D:4      | Reached skill level 1 in Invocations
  3270 | D:4      | Reached * piety under Cheibriados
  3380 | D:4      | Found a shadowy altar of Dithmenos.
  3594 | D:4      | Noticed Menkaure
  3961 | D:5      | Entered Level 5 of the Dungeon
  4167 | D:5      | Learned a level 4 spell: Ice Form
  4193 | D:5      | Noticed an ice beast
  4213 | D:4      | Reached XP level 7. HP: 44/44 MP: 10/12
  4227 | D:5      | Found an iron altar of Okawaru.
  4300 | D:5      | Reached skill level 5 in Transmutations
  4350 | D:5      | Reached skill level 1 in Ice Magic
  4362 | D:5      | Slain by a water moccasin

Illustrated notes

Levels and vault maps discovered:
D:1:      evilmike_arrival_rings, layout_rooms,
          chequers_ecumenical_altar_simple, roderic_serpentine_path,
          hangedman_feature_mirror, minmay_hexomino_u4
D:2:      layout_loops_ring, serial_shops, nicolae_shop_trees,
          nicolae_shop_advertising_works [nicolae_subvault_shop_adworks], shop
D:3:      layout_loops_cross, mainiacjoe_overflow_tiny_flanked,
          grunt_ministairs_5, uniq_terence
D:4:      layout_loops_corners, grunt_dithmenos_smoke_and_mirrors,
          nicolae_overflow_two_pavilions, uniq_menkaure
D:5:      layout_rooms, okawaru_gym_becter, minmay_temple_entry_fiery,
          chequers_serial_rivers_marsh

Skill      XL: |  1  2  3  4  5  6  7 |
---------------+----------------------+-----
Transmutations | 3 4 5 |  5.3
Poison Magic   | 1 2 |  2.0
Spellcasting   | 3 |  3.8
Invocations    | 2 |  2.5
Ice Magic      | 1 |  1.0
Fighting       | |  1.7
Dodging        | |  2.4
Unarmed Combat | |  3.3

Action                     |  1- 3 |  4- 6 |  7- 9 || total
---------------------------+-------+-------+-------++-------
  Melee: Unarmed           |    96 |   180 |    26 ||   302
         Constrict         |    23 |    29 |       ||    52
         Tentacles         |    17 |    34 |       ||    51
         Punch             |     6 |     5 |       ||    11
         Kick              |     7 |    28 |       ||    35
   Cast: Beastly Appendage |     4 |    10 |       ||    14
         Wereblood         |     1 |     4 |       ||     5
         Spider Form       |       |     6 |     2 ||     8
    Use: Potion            |     1 |     2 |     3 ||     6
         Scroll            |       |     6 |       ||     6
   Stab: Sleeping          |     4 |    14 |       ||    18
 Armour: Skin              |     6 |     9 |     1 ||    16
  Dodge: Dodged            |    49 |   124 |    36 ||   209
